 Dungeon Crawl Stone Soup version 0.28-a0-991-g956f0ee3d5 (webtiles) character file.

Game seed: 12853431629974850356

200 voltaire321 the Insei (level 5, 0/57 HPs)
             Began as a Demonspawn Transmuter on Dec 5, 2021.
             Succumbed to a scorpion's poison
             ... on level 4 of the Dungeon.
             The game lasted 00:08:31 (5035 turns).

voltaire321 the Insei (Demonspawn Transmuter)       Turns: 5035, Time: 00:08:32

Health: 0/57       AC:  7    Str: 10    XL:     5   Next: 48%
Magic:  9/9        EV: 11    Int: 15    God:
Gold:   190        SH:  0    Dex: 21    Spells: 6/9 levels left

rFire   . . .      SeeInvis .   n - +1 whip (drain)
rCold   + . .      Faith    .   (no shield)
rNeg    . . .      Spirit   .   i - +2 ring mail {rC+}
rPois   .          Reflect  .   (no helmet)
rElec   .          Harm     .   o - scarf {repulsion}
rCorr   .          Rampage  .   (no gloves)
Will    .....                   (no boots)
Stlth   ..........              (no amulet)
HPRegen 0.19/turn               h - +6 ring of dexterity
MPRegen 0.11/turn               (no ring)

@: berserking, lethally poisoned (0 -> -7), attractive, repel missiles, very
quick
A: claws 1
a: no special abilities


You were on level 4 of the Dungeon.
You visited 1 branch of the dungeon, and saw 4 of its levels.

You collected 190 gold pieces.

Inventory:

Hand Weapons
 n - a +1 whip of draining (weapon)
Armour
 i - a +2 ring mail of cold resistance (worn)
 o - a scarf of repulsion (worn)
 q - a +2 leather armour of willpower
Jewellery
 h - a +6 ring of dexterity (left claw)
Scrolls
 b - 3 scrolls of identify {unknown}
 c - a scroll of torment {unknown}
 e - a scroll of vulnerability {unknown}
 f - 3 scrolls of noise {unknown}
 k - 2 scrolls of summoning {unknown}
 l - a scroll of fog {unknown}
 s - a scroll of immolation {unknown}
Potions
 a - a potion of cancellation
 d - a potion of attraction
 j - a potion of mutation {unknown}
 m - a potion of lignification {unknown}
 p - a potion of might {unknown}
 r - a potion of curing {unknown}


   Skills:
 + Level 2.2 Fighting
 + Level 1.5 Armour
 + Level 2.7 Dodging
 + Level 3.3 Unarmed Combat
 + Level 2.8 Spellcasting
 + Level 2.6 Transmutations


You had 6 spell levels left.
You knew the following spells:

 Your Spells              Type           Power      Damage    Failure   Level
a - Beastly Appendage     Tmut           20%        N/A       17%         1
b - Wereblood             Tmut           10%        N/A       26%         2

Your spell library contained the following spells:

 Spells                   Type           Power      Damage    Failure   Level
 Spider Form              Tmut/Pois      6%         N/A       65%         3
 Ice Form                 Ice/Tmut       6%         N/A       96%         4
 Freezing Cloud           Conj/Ice/Air   1%         6-21      100%        5
 Simulacrum               Ice/Necr       1%         N/A       100%        6
 Polar Vortex             Ice            1%         N/A       100%        9


Dungeon Overview and Level Annotations

Branches:
Dungeon (4/15)
 Temple: D:4-7

Altars:

Shops:
D:2 (   D:4 *


Innate Abilities, Weirdness & Mutations

You have sharp fingernails.


Message History

An ice beast is nearby!
A scorpion comes into view.
The scorpion stings you but does no damage.
The scorpion closely misses you. The scorpion misses you.
The scorpion stings you! The scorpion closely misses you.
The scorpion closely misses you.
You barely miss the scorpion. The scorpion stings you!
You are poisoned.
The scorpion poisons you!
You barely miss the scorpion.
You feel very sick. The scorpion barely misses you.
You hit the scorpion but do no damage.
You feel very sick. The scorpion closely misses you. The scorpion misses you.
You barely miss the scorpion.
You feel sick. The scorpion stings you.
You closely miss the scorpion.
You feel sick. The scorpion stings you.
* * * LOW HITPOINT WARNING * * *
You are lethally poisoned!
The scorpion poisons you!
You hit the scorpion. You drain the scorpion.
The scorpion is moderately wounded.
* * * LOW HITPOINT WARNING * * *
You feel very sick. The scorpion closely misses you.
The scorpion barely misses you.
It was a potion of cancellation.
You feel magically purged.
* * * LOW HITPOINT WARNING * * *
You feel very sick. The scorpion barely misses you.
It was a potion of attraction.
You feel attractive to monsters.
* * * LOW HITPOINT WARNING * * *
You feel sick.
The scorpion stings you but does no damage.
It was a potion of berserk rage.
A red film seems to cover your vision as you go berserk!
You feel yourself moving faster!
You feel mighty!
You die...

.....## .....# .....# #########
.....# ##.......##
.....###...#.#...# #####
......##..#(..#..# ####...##
............∩....# ##.......##
..........#...#..###.........##
...........#.#..@sY...........##
................##.............#
........#...######.............#
........#...# ##..............#
.......##..## ##...............#
#.....###..# ##................#
#..... #..###.................#
#....# #...#.........$........#
#..# #......................#


You could see an ice beast and a scorpion (drained).

Vanquished Creatures
  A hound (D:4)
  Terence (D:2)
  A hound skeleton (D:4)
  4 adders
  An adder skeleton (D:4)
  4 worms
  A dart slug (D:1)
  An orc (D:3)
  8 endoplasms
  3 giant cockroaches
  13 hobgoblins
  6 jackals
  5 kobolds
  3 quokkas
  6 ball pythons
  3 bats
  3 frilled lizards
  5 goblins
  6 rats
75 creatures vanquished.

Notes
Turn   | Place    | Note
-------+----------+-------------------------------------------
     0 | D:1      | voltaire321 the Demonspawn Transmuter began the quest for
                  | the Orb.
     0 | D:1      | Reached XP level 1. HP: 15/15 MP: 3/3
   363 | D:1      | Gained mutation: You have sharp fingernails. [demonic
                  | ancestry]
   363 | D:1      | Reached XP level 2. HP: 19/21 MP: 3/5
   786 | D:1      | Learned a level 2 spell: Wereblood
  1226 | D:1      | Found a faded altar of an unknown god.
  1449 | D:1      | Reached XP level 3. HP: 25/26 MP: 6/6
  1678 | D:2      | Reached skill level 3 in Unarmed Combat
  2444 | D:2      | Reached XP level 4. HP: 29/33 MP: 7/7
  2635 | D:2      | Reached skill level 1 in Armour
  2687 | D:2      | Noticed Terence
  2688 | D:2      | Found Mihuen's Weapon Shop.
  2705 | D:2      | Killed Terence
  4090 | D:4      | Reached XP level 5. HP: 35/38 MP: 8/8
  4123 | D:4      | Found Bewigodej's Overcharged Wands.
  4857 | D:4      | Noticed an ice beast
  5034 | D:4      | HP: 1/38 [poisoned by a scorpion]
  5035 | D:4      | Succumbed to a scorpion's poison

Illustrated notes

Levels and vault maps discovered:
D:1:      saegor_arrival_miasma, layout_loops_corners,
          ebering_ecumenical_altar_hall
D:2:      layout_basic, serial_shops, nicolae_shop_bloodbath_and_beyond,
          uniq_terence
D:3:      layout_basic
D:4:      layout_layer_cave, nicolae_shop_overcharged_wands

Skill      XL: |  1  2  3  4 |
---------------+-------------+-----
Transmutations | 2 |  2.6
Dodging        | 2 |  2.7
Unarmed Combat | 3 |  3.3
Armour         | 1 |  1.5
Fighting       | 2 |  2.2
Spellcasting   | |  2.8

Action                   |  1- 3 |  4- 6 || total
-------------------------+-------+-------++-------
Melee: Unarmed           |    11 |       ||    11
       Dagger            |   140 |       ||   140
       Kick              |     5 |       ||     5
       Headbutt          |     5 |       ||     5
       Punch             |     3 |       ||     3
       Whip              |    39 |   124 ||   163
 Cast: Beastly Appendage |     6 |       ||     6
  Use: Potion            |       |     3 ||     3
Armor: Robe              |     5 |       ||     5
       Ring mail         |    55 |    42 ||    97
Dodge: Dodged            |    88 |    83 ||   171

Table legend: (Time is in decaauts)
 A = Elapsed time spent in this place.
 B = Non-inter-level travel time spent in this place.
 C = Inter-level travel time spent in this place.
 D = Time resting spent in this place.
 E = Time spent auto-exploring this place.
 F = Levels seen in this place.
 G = Mean time per level.
                   A        B        C        D        E       F      G
               +--------+--------+--------+--------+--------+-----+--------+
         Total |   5049 |   4906 |    143 |    515 |   3528 |   4 | 1262.2 |
       Dungeon |   5049 |   4906 |    143 |    515 |   3528 |   4 | 1262.2 |
               +--------+--------+--------+--------+--------+-----+--------+

Top non-repeatable levels by time:
     D:1: 1630 daAuts
     D:2: 1442 daAuts
     D:3: 1072 daAuts
     D:4: 904 daAuts
